 Dungeon Crawl Stone Soup version 0.27-a0-1532-gca18f49f40 (webtiles) character file.

Game seed: 2343775289810247808

10 flotson the Sneak (level 2, 0/24 HPs)
             Began as a Merfolk Delver on July 13, 2021.
             Slain by a ball python (1 damage)
             ... on level 1 of the Dungeon.
             The game lasted 00:01:47 (626 turns).

flotson the Sneak (Merfolk Delver)                   Turns: 626, Time: 00:01:47

Health: 0/24       AC:  3    Str: 12    XL:     2   Next: 20%
Magic:  2/2        EV:  9    Int:  9    God:
Gold:   11         SH:  0    Dex: 15    Spells: 1/1 levels left

rFire    . . .     SeeInvis .   a - +0 hand axe
rCold    . . .     Faith    .   (no shield)
rNeg     . . .     Spirit   .   b - +0 leather armour
rPois    .         Reflect  .   (no helmet)
rElec    .         Harm     .   (no cloak)
rCorr    .         Rampage  .   (no gloves)
Will     .....                  (no boots)
Stlth    +++.......             (no amulet)
HPRegen  0.08/turn              (no ring)
MPRegen  0.08/turn              (no ring)

@: constricted
A: (nimble swimmer 2), mertail
a: no special abilities


You were on level 1 of the Dungeon.
You visited 1 branch of the dungeon, and saw 5 of its levels.

You collected 11 gold pieces.

Inventory:

Hand Weapons
 a - a +0 hand axe (weapon)
Armour
 b - a +0 leather armour (worn)
Wands
 g - a wand of digging (3)
Scrolls
 c - a scroll of fog
 d - a scroll of magic mapping
 e - a scroll of fear
 h - a scroll of blinking {unknown}
Potions
 i - a potion of heal wounds {unknown}


   Skills:
 + Level 3.4 Fighting
 + Level 1.7 Axes
 + Level 0.3 Armour
 + Level 2.9 Dodging
 - Level 5.4 Stealth
 + Level 0.5 Evocations


You had one spell level left.
You didn't know any spells.
Your spell library was empty.

Dungeon Overview and Level Annotations

Branches:
Dungeon (5/15)
 Temple: D:4-7

Altars:
Fedhas


Innate Abilities, Weirdness & Mutations

((You are quick and stealthy near water. (Stealth+, EV+, Speed+++)))
Your lower body shifts to a powerful aquatic tail in water.


Message History

Found a hand axe.
A bat comes into view.
The helpless bat fails to defend itself.
You hit the bat.
The bat is heavily wounded.
The bat completely misses you. The bat barely misses you. x2
You closely miss the bat.
The bat is moderately wounded.
The bat barely misses you.
You hit the bat.
You kill the bat!
Your extra speed is starting to run out.
You feel yourself slow down.
A ball python comes into view.
Found a stone staircase leading down.
A ball python comes into view.
A frilled lizard comes into view.
A kobold comes into view. It is wielding a +1 dagger of speed.
The ball python bites you.
* * * LOW HITPOINT WARNING * * *
The ball python barely misses you.
You hit the ball python.
The ball python is severely wounded.
The ball python closely misses you. The ball python barely misses you.
You barely miss the ball python.
The ball python is severely wounded.
The ball python misses you. The ball python grabs you.
* * * LOW HITPOINT WARNING * * *
The ball python constricts you. The ball python closely misses you.
The ball python constricts you.
You hit the ball python but do no damage.
The ball python is severely wounded.
The ball python bites you.
* * * LOW HITPOINT WARNING * * *
x2 The ball python constricts you.
You closely miss the ball python.
The ball python is severely wounded.
The ball python bites you.
* * * LOW HITPOINT WARNING * * *
You die...

##.#.#.#.#
#..........
##.#.#J#S#.#
#...........
##.#.#.#.#.
#.........
##.#.#.#.#
##S........
#
#@#.#.#l#.#
#
#..........
#.#.#.#.#.#
...........
#.#.#.#.#.#
#.##.#.###K
#.. . .# ###
.


You could see an endoplasm and a ball python.

Vanquished Creatures
  2 endoplasms (D:1)
  A goblin (D:2)
  2 hobgoblins (D:1)
  A ball python (D:2)
  3 bats (D:1)
9 creatures vanquished.

Notes
Turn   | Place    | Note
-------+----------+-------------------------------------------
     0 | D:5      | flotson the Merfolk Delver began the quest for the Orb.
     0 | D:5      | Reached XP level 1. HP: 18/18 MP: 1/1
    26 | D:5      | Noticed an ogre
    87 | D:3      | Found a blossoming altar of Fedhas.
   507 | D:1      | Found a faded altar of an unknown god.
   530 | D:1      | Reached XP level 2. HP: 12/24 MP: 2/2
   626 | D:1      | HP: 1/24 [ball python (2)]
   626 | D:1      | Slain by a ball python

Illustrated notes

Levels and vault maps discovered:
D:1:      sevenhm_arrival_forest_fort_small_6, layout_loops_cross,
          ebering_ecumenical_altar_rust, dk_noncrumbling_3,
          hangedman_abyss_or_decor_lesser_grid, st_stairs_11, grunt_decor_cap
D:2:      layout_basic, st_stairs_6, kennysheep_generic_room_10
D:3:      layout_basic, fedhas_ov_isle_minmay
D:4:      layout_basic, uniq_natasha, uniq_crazy_yiuf_cottage, uniq_edmund
D:5:      layout_basic, minmay_temple_entry_junction

Action                   || total
-------------------------++-------
Melee: Hand axe          ||    37
  Use: Potion            ||     1
 Stab: Sleeping          ||     3
Armor: Leather armour    ||     6
Dodge: Dodged            ||    31

Table legend: (Time is in decaauts)
 A = Elapsed time spent in this place.
 B = Non-inter-level travel time spent in this place.
 C = Inter-level travel time spent in this place.
 D = Time resting spent in this place.
 E = Time spent auto-exploring this place.
 F = Levels seen in this place.
 G = Mean time per level.
                   A        B        C        D        E       F      G
               +--------+--------+--------+--------+--------+-----+--------+
         Total |    620 |    611 |      9 |    280 |    112 |   5 |  124.0 |
       Dungeon |    620 |    611 |      9 |    280 |    112 |   5 |  124.0 |
               +--------+--------+--------+--------+--------+-----+--------+

Top non-repeatable levels by time:
     D:2: 319 daAuts
     D:1: 204 daAuts
     D:5: 54 daAuts
     D:3: 34 daAuts
     D:4: 6 daAuts
